 Dungeon Crawl Stone Soup version 0.24.0-5-g267a8d59f4 (webtiles) character file.

Game seed: 14079303469175347093, levelgen mode: deterministic

32364 Arum the Fighter (level 14, 0/120 HPs)
             Began as a Formicid Fighter on Nov 1, 2019.
             Was an Initiate of Gozag.
             Slain by a harpy (10 damage)
             ... summoned by Kirke
             ... on level 14 of the Dungeon.
             The game lasted 00:27:48 (16034 turns).

Arum the Fighter (Formicid Fighter)                Turns: 16034, Time: 00:27:51

Health: 0/120      AC:  0    Str: 24    XL:     14   Next: 2%
Magic:  14/14      EV: 15    Int:  7    God:    Gozag
Gold:   2231       SH:  5    Dex: 13    Spells: 13/13 levels left

rFire    . . .     SeeInvis .   (weapon currently unavailable)
rCold    . . .     Gourm    .   (shield currently unavailable)
rNeg     . . .     Faith    .   (armour currently unavailable)
rPois    .         Spirit   .   (helmet unavailable)
rElec    .         Reflect  +   (cloak currently unavailable)
rCorr    .         Harm     .   (gloves currently unavailable)
MR       +....                  (boots currently unavailable)
Stlth    +.........             Y - +5 amulet of reflection
HPRegen  0.30/turn              (ring currently unavailable)
MPRegen  0.14/turn              (ring currently unavailable)

@: pig-form, very quick
A: small, permanent stasis, dig shafts and tunnels, four strong arms
a: Potion Petition, Call Merchant, Bribe Branch, Renounce Religion


You were on level 14 of the Dungeon.
You worshipped Gozag.
Gozag was most pleased with you.
You were not hungry.
You were a filthy swine.
You visited 2 branches of the dungeon, and saw 15 of its levels.
You also visited: Sewer and Gauntlet.

You collected 3773 gold pieces.
You spent 1122 gold pieces at shops.
You paid 420 gold pieces to Gozag.

Inventory:

Hand Weapons
 a - a +0 quarterstaff
 G - a +4 lajatang of speed (melded)
 S - a +0 scimitar of flaming
Missiles
 J - 4 throwing nets (quivered)
 Q - 5 javelins
 X - 14 silver javelins
Armour
 b - a +0 scale mail (melded)
 c - a +1 shield (melded)
 y - a +2 pair of gloves (melded)
 D - a scarf of repulsion (melded)
Jewellery
 g - a +5 ring of protection (melded)
 n - an uncursed ring of poison resistance
 z - an uncursed ring of ice
 M - an uncursed ring of fire
 U - the ring "Asuxoij" (melded) {MR+ Str+5}
   (You found it in a Gauntlet)

   [ring of protection from magic]

   It affects your strength (+5).
   It affects your resistance to hostile enchantments.
 Y - a +5 amulet of reflection (around neck)
Wands
 q - a wand of disintegration (18)
 r - a wand of digging (6)
 E - a wand of random effects (73)
 F - a wand of flame (14)
 I - a wand of paralysis (15)
 K - a wand of polymorph (6)
 O - a wand of iceblast (14)
 R - a wand of acid (4)
Scrolls
 h - 5 scrolls of fog
 i - 12 scrolls of teleportation
 l - 3 scrolls of amnesia
 m - 2 scrolls of identify
 o - 6 scrolls of random uselessness
 t - 3 scrolls of fear
 v - 2 scrolls of holy word
 w - 4 scrolls of remove curse
 L - a scroll of enchant armour
 N - a scroll of magic mapping
 Z - a scroll of immolation
Potions
 d - 2 potions of might
 e - 4 potions of brilliance
 j - 7 potions of mutation
 k - 3 potions of ambrosia
 p - 2 potions of heal wounds
 s - 2 potions of invisibility
 u - 6 potions of curing
 x - 2 potions of degeneration {unknown}
 A - a potion of cancellation {unknown}
 C - 4 potions of lignification {unknown}
 H - 2 potions of magic {unknown}
 V - a potion of resistance {unknown}
Comestibles
 f - 19 rations


   Skills:
 + Level 14.2 Fighting
 + Level 13.0 Staves
 + Level 12.2 Armour
 + Level 2.8 Dodging
 - Level 9.7 Shields


You had 13 spell levels left.
You didn't know any spells.
Your spell library contained the following spells:

 Spells                   Type           Power        Failure   Level  Hunger
 Animate Skeleton         Necr           N/A          43%         1    ##.....
 Beastly Appendage        Tmut           #.....       43%         1    ##.....
 Confusing Touch          Hex            #.....       43%         1    ##.....
 Freeze                   Ice            #...         43%         1    ##.....
 Pain                     Necr           #...         43%         1    ##.....
 Summon Small Mammal      Summ           #...         43%         1    ##.....
 Call Imp                 Summ           #.......     56%         2    ###....
 Sticks to Snakes         Tmut           #.......     56%         2    ###....
 Sublimation of Blood     Necr           #.........   56%         2    ###....
 Throw Frost              Conj/Ice       #.....       56%         2    ###....
 Call Canine Familiar     Summ           #.......     80%         3    ####...
 Confuse                  Hex            #.......     80%         3    ####...
 Gell's Gravitas          Tloc           #.........   80%         3    ####...
 Ignite Poison            Fire/Tmut/Pois #.......     80%         3    ####...
 Ozocubu's Armour         Chrm/Ice       #.......     80%         3    ####...
 Regeneration             Chrm/Necr      #.........   80%         3    ####...
 Spider Form              Tmut/Pois      #.........   80%         3    ####...
 Summon Guardian Golem    Hex/Summ       #.......     80%         3    ####...
 Vampiric Draining        Necr           #.........   80%         3    ####...
 Animate Dead             Necr           N/A          99%         4    #####..
 Ice Form                 Ice/Tmut       #.......     99%         4    #####..
 Petrify                  Tmut/Erth      #.......     99%         4    #####..
 Summon Ice Beast         Ice/Summ       #.......     99%         4    #####..
 Summon Lightning Spire   Summ/Air       #.......     99%         4    #####..
 Throw Icicle             Conj/Ice       #.......     99%         4    #####..
 Alistair's Intoxication  Tmut/Pois      #.......     100%        5    ######.
 Blade Hands              Tmut           #.........   100%        5    ######.
 Fireball                 Conj/Fire      #.........   100%        5    ######.
 Irradiate                Conj/Tmut      #.........   100%        5    ######.
 Metabolic Englaciation   Hex/Ice        #.........   100%        5    ######.
 Silence                  Hex/Air        #.........   100%        5    ######.
 Yara's Violent Unravell  Hex/Tmut       #.........   100%        5    ######.
 Bolt of Fire             Conj/Fire      #.........   100%        6    #######
 Conjure Ball Lightning   Conj/Air       #.........   100%        6    #######
 Deflect Missiles         Chrm/Air       #.........   100%        6    #######
 Ring of Flames           Chrm/Fire      #.........   100%        7    #######
 Ignition                 Fire           #.........   100%        8    #######
 Tornado                  Air            #.........   100%        9    #######


Dungeon Overview and Level Annotations

Branches:
Dungeon (14/15)            Temple (1/1) D:5            Lair (0/6) D:11
    Orc (0/2) D:10         Vaults (0/5) D:14          Sewer (visited)
Gauntlet (visited)

Altars:
Ashenzari
Cheibriados
Dithmenos
Elyvilon
Fedhas
Gozag
Hepliaklqana
Kikubaaqudgha
Makhleb
Nemelex Xobeh
Okawaru
Qazlal
Ru
Sif Muna
Trog
Uskayaw
Vehumet
Wu Jian
Xom
Yredelemnul
Zin
The Shining One
Jiyva

Shops:
D:6 :   D:8 (   D:10 (*=   D:14 =

Annotations:
D:14 Kirke


Innate Abilities, Weirdness & Mutations

You cannot be hasted, slowed, berserked, paralysed or teleported.
You can dig through walls and to a lower floor.
Your four strong arms can wield two-handed weapons with a shield.
((You have a pair of large antennae on your head. (SInv)))


Message History

The harpy closely misses you. x2
There is an entrance to Veyheo's Jewellery Shop here.
The harpy screeches!
The harpy claws you! The harpy closely misses you. The harpy claws you.
The harpy claws you!
The harpy screeches!
You block the harpy's attack. The harpy claws you! The harpy claws you.
The harpy closely misses you. The harpy barely misses you. The harpy claws you.
The harpy screeches!
The harpy claws you! x2
* * * LOW HITPOINT WARNING * * *
The harpy screeches!
The harpy claws you!!
* * * LOW HITPOINT WARNING * * *
The harpy claws you.
* * * LOW HITPOINT WARNING * * *
The harpy misses you. The harpy claws you!
You die...
Your body crumbles into a pile of gold.

#####.##.....# #........# ##..#.#
.# #.......## #.#.#∩#..# #..##.
.# #.#...#.# #.#.#.#..# ##.... .#
#.......# #.#......# ##### .#
###...### #.#..##..# .# #...#
#.#..##..#########
.######...######........##.....##
..h.....|∩.h....##...#.<##.....##
.........h.....Hh....#.........##
#..............H##......##.....##
######....#.########.#####.....##
. #....#.# #.# ######## #....#.#
#.# # #....#.# #.####### #
#......# #.......# # ##...###
#######.###### ...## #..........


You could see 2 harpies and 2 hogs.

Vanquished Creatures
  A minotaur (Gauntlet)
  2 vault guards (D:14)
  Harold (D:9)
  2 hydras
  3 centaur warriors (D:13)
  4 two-headed ogres
  3 slime creatures (D:11)
  A necromancer (D:14)
  2 wizards (D:14)
  A moth of wrath (Gauntlet)
  3 ugly things (D:11)
  Joseph (D:9)
  An apocalypse crab (Gauntlet)
  A centaur zombie (D:12)
  Psyche (D:10)
  A centaur skeleton (D:11)
  A yaktaur (D:14)
  4 kobold demonologists
  An efreet (D:14)
  3 trolls
  2 hornets
  Prince Ribbit (D:7)
  2 hippogriffs
  A vampire (D:12)
  4 redbacks (Gauntlet)
  A wraith (D:10)
  A centaur simulacrum (D:10)
  Eustachio (D:4)
  19 humans (D:14)
  A wyvern (D:10)
  18 yaks
  A basilisk (D:11)
  Grum (D:10)
  2 hungry ghosts (D:12)
  3 vampire mosquitoes (D:12)
  A steam dragon (D:7)
  A water moccasin (D:7)
  A soldier ant (D:13)
  3 porcupines (D:11)
  Duvessa (D:5)
  7 orc warriors
  2 phantoms (D:12)
  An ice beast (D:10)
  3 sky beasts
  2 black bears
  A hornet zombie (D:9)
  2 wolves (D:10)
  4 centaurs
  9 ogres
  5 big kobolds
  4 crocodiles
  Blork the orc (D:4)
  A gnoll sergeant (D:11)
  10 bullfrogs
  Dowan (D:5)
  5 scorpions
  4 wights (D:12)
  An electric eel (D:13)
  5 howler monkeys
  4 bullfrog zombies
  5 crimson imps
  4 jellies
  3 quasits
  8 hounds
  3 iguanas
  8 orc priests
  9 orc wizards
  4 bullfrog skeletons
  Ijyb (D:5)
  7 worker ants
  A killer bee zombie (D:6)
  A hound zombie (D:7)
  2 hound skeletons (D:10)
  Robin (D:2)
  3 worker ant zombies
  18 gnolls
  2 howler monkey skeletons
  5 adders
  3 shadow imps
  An ooze (D:2)
  An adder zombie (D:6)
  An adder skeleton (D:6)
  4 worms
  7 leopard geckos
  36 orcs
  4 ball pythons
  8 bats
  4 giant cockroaches
  11 goblins
  10 hobgoblins
  9 jackals
  32 kobolds
  2 quokkas
  3 frilled lizards
  A quokka skeleton (D:4)
  14 rats
410 creatures vanquished.

Vanquished Creatures (others)
  7 demonic plants (Gauntlet)
7 creatures vanquished.

Grand Total: 417 creatures vanquished

Notes
Turn   | Place    | Note
-------+----------+-------------------------------------------
     0 | D:1      | Arum the Formicid Fighter began the quest for the Orb.
     0 | D:1      | Reached XP level 1. HP: 18/18 MP: 1/1
   132 | D:1      | Reached XP level 2. HP: 24/24 MP: 2/2
   355 | D:1      | Reached XP level 3. HP: 29/29 MP: 3/3
   666 | D:2      | Noticed a scorpion
   685 | D:2      | Killed a scorpion
   685 | D:2      | Reached skill level 4 in Fighting
   685 | D:2      | Reached XP level 4. HP: 18/37 MP: 4/4
  1298 | D:2      | Reached XP level 5. HP: 30/42 MP: 5/5
  1344 | D:2      | Noticed Robin
  1372 | D:2      | Killed Robin
  1546 | D:2      | Found an opulent altar of Gozag.
  1629 | D:2      | Became a worshipper of Gozag Ym Sagoz the Greedy
  1988 | D:3      | Reached skill level 5 in Shields
  2281 | D:3      | Reached XP level 6. HP: 47/50 MP: 6/6
  2484 | D:3      | Found a stormy altar of Qazlal.
  2864 | D:4      | Reached skill level 5 in Fighting
  3014 | D:4      | Found a hazy altar of Hepliaklqana.
  3107 | D:4      | Noticed an ogre
  3108 | D:4      | Found a bloodstained altar of Trog.
  3116 | D:4      | Killed an ogre
  3125 | D:4      | Reached XP level 7. HP: 21/56 MP: 7/7
  3422 | D:4      | Found a shadowy altar of Dithmenos.
  3422 | D:4      | Found a shimmering altar of Xom.
  3423 | D:4      | Found a snail-covered altar of Cheibriados.
  3436 | D:4      | Noticed Eustachio
  3451 | D:4      | Killed Eustachio
  3495 | D:4      | Reached skill level 6 in Fighting
  3512 | D:4      | Noticed Blork the orc
  3532 | D:4      | Killed Blork the orc
  3532 | D:4      | Reached skill level 5 in Staves
  3532 | D:4      | Reached XP level 8. HP: 50/64 MP: 8/8
  4069 | D:5      | Entered Level 5 of the Dungeon
  4151 | D:5      | Noticed Duvessa
  4160 | D:5      | Noticed Dowan
  4168 | D:5      | Killed Duvessa
  4181 | D:5      | Killed Dowan
  4264 | D:5      | Identified the +2 dagger "Orhuk" {pierce, rN+ SInv}
  4594 | D:5      | Noticed Ijyb
  4602 | D:5      | Reached skill level 7 in Fighting
  4605 | D:5      | Killed Ijyb
  4849 | D:5      | Found a staircase to the Ecumenical Temple.
  5233 | Temple   | Entered the Ecumenical Temple
  5417 | D:6      | Reached XP level 9. HP: 64/72 MP: 9/9
  5472 | D:6      | Found a shattered altar of Ashenzari.
  5656 | D:6      | Found Atyastre's Book Shoppe.
  5720 | D:6      | Found a glowing drain.
  5754 | Sewer    | Entered a sewer
  6041 | D:6      | Found a hide-covered altar of Uskayaw.
  6044 | D:6      | Found a basalt altar of Yredelemnul.
  6047 | D:6      | Found a sacrificial altar of Ru.
  6055 | D:6      | Found a radiant altar of Vehumet.
  6205 | D:6      | Reached skill level 8 in Fighting
  6856 | D:7      | Noticed Prince Ribbit
  6864 | D:7      | Killed Prince Ribbit
  6864 | D:7      | Reached XP level 10. HP: 78/82 MP: 10/10
  6909 | D:7      | Reached skill level 9 in Fighting
  7754 | D:8      | Found a glowing golden altar of the Shining One.
  7977 | D:8      | Found Waasunapt's Antique Weapon Shop.
  8001 | D:8      | Bought a glowing lajatang for 504 gold pieces
  8310 | D:9      | Reached skill level 5 in Armour
  8457 | D:9      | Noticed Joseph
  8489 | D:9      | Killed Joseph
  8489 | D:9      | Reached skill level 10 in Fighting
  8761 | D:9      | Noticed Harold
  8784 | D:9      | Killed Harold
  8784 | D:9      | Reached XP level 11. HP: 57/92 MP: 11/11
  9102 | D:9      | Noticed a two-headed ogre
  9108 | D:9      | Killed a two-headed ogre
  9250 | D:10     | Entered Level 10 of the Dungeon
  9250 | D:10     | Noticed Grum
  9292 | D:10     | Killed Grum
  9395 | D:10     | Reached skill level 11 in Fighting
  9605 | D:10     | Found Valonee's Weapon Shop.
  9610 | D:10     | Reached skill level 10 in Staves
  9727 | D:10     | Found Hepsodaz's Assorted Antiques.
  9753 | D:10     | Noticed Psyche
  9758 | D:10     | Killed Psyche
  9811 | D:10     | Found Xear's Jewellery Emporium.
  9902 | D:10     | Found a staircase to the Orcish Mines.
 10042 | D:11     | Noticed a green ugly thing
 10060 | D:11     | Killed a green ugly thing
 10269 | D:11     | Noticed a cyan ugly thing
 10276 | D:11     | Killed a cyan ugly thing
 10449 | D:11     | Noticed a sixfirhy
 10456 | D:11     | Reached XP level 12. HP: 93/101 MP: 12/12
 10506 | D:11     | Found a staircase to the Lair.
 10552 | D:11     | Reached skill level 12 in Fighting
 10590 | D:11     | Noticed a two-headed ogre
 10615 | D:11     | Killed a two-headed ogre
 10859 | D:11     | Noticed a two-headed ogre
 10874 | D:11     | Killed a two-headed ogre
 10875 | D:11     | Noticed a seven-headed hydra
 10916 | D:11     | Killed a seven-headed hydra
 10923 | D:11     | Reached skill level 10 in Armour
 12154 | D:12     | Noticed a four-headed hydra
 12167 | D:12     | Killed a four-headed hydra
 12376 | D:12     | Reached skill level 13 in Fighting
 12434 | D:12     | Reached XP level 13. HP: 111/111 MP: 13/13
 13753 | D:13     | Noticed a centaur warrior
 13769 | D:13     | Killed a centaur warrior
 13813 | D:13     | Noticed a centaur warrior
 13815 | D:13     | Noticed a centaur warrior
 13821 | D:13     | Killed a centaur warrior
 13830 | D:13     | Killed a centaur warrior
 14342 | D:14     | Found a gate leading to a gauntlet.
 14360 | Gauntlet | Entered a Gauntlet
 14360 | Gauntlet | Found a transporter.
 14360 | Gauntlet | Found a transporter.
 14360 | Gauntlet | Found a transporter.
 14364 | Gauntlet | Found a transporter.
 14375 | Gauntlet | Found a transporter.
 14400 | Gauntlet | Found a transporter.
 14417 | Gauntlet | Found a transporter.
 14434 | Gauntlet | Found a transporter.
 14442 | Gauntlet | Found a transporter.
 14459 | Gauntlet | Found a transporter.
 14504 | Gauntlet | Found a transporter.
 14512 | Gauntlet | Found a transporter.
 14866 | Gauntlet | Got a scorched lapis lazuli ring
 14895 | Gauntlet | Noticed a minotaur
 14924 | Gauntlet | Killed a minotaur
 15298 | D:14     | Identified the ring "Asuxoij" {MR+ Str+5} (You found it in
                  | a Gauntlet)
 15440 | D:14     | Found Veyheo's Jewellery Shop.
 15467 | D:14     | Bought a +5 amulet of reflection for 618 gold pieces
 15498 | D:14     | Reached skill level 1 in Dodging
 15767 | D:14     | Reached skill level 14 in Fighting
 15835 | D:14     | Found a gate to the Vaults.
 15835 | D:14     | Noticed a vault guard
 15835 | D:14     | Noticed a vault guard
 15858 | D:14     | Killed a vault guard
 15877 | D:14     | Killed a vault guard
 15877 | D:14     | Reached XP level 14. HP: 102/120 MP: 14/14
 16010 | D:14     | Noticed Kirke
 16034 | D:14     | Slain by a harpy

Levels and vault maps discovered:
D:1:      lightli_iron_boxes, layout_basic, dk_noncrumbling_3
D:2:      layout_basic, lemuel_coloured_pillars_altar, hangedman_decor_push,
          uniq_robin
D:3:      layout_loops_corners, lemuel_crystal_altar, first_ration,
          grunt_ministairs_3
D:4:      layout_basic, nicolae_overflow_crystal_walls,
          chequers_temple_overflow_statue_of_worship, uniq_eustachio,
          uniq_blork_the_orc
D:5:      layout_basic, temple_green, uniq_ijyb, uniq_duvessa
D:6:      layout_basic, cheibrodos_ashenzari_chains,
          grunt_temple_overflow_cloverleaf, portal_sewer_entry_c, serial_shops,
          shop, st_stairs_9, minmay_misc_feat_iff
D:7:      layout_loops_ring, kennysheep_generic_room_12, uniq_prince_ribbit1
D:8:      layout_cave_pools, overflow_temple_1_default, serial_shops,
          nicolae_shop_overgrown_old_shop
D:9:      layout_basic, uniq_joseph, uniq_harold
D:10:     layout_roguey, orc_0_dummy, serial_shops, nicolae_shop_stone,
          nicolae_shop_overgrown_old_shop, shop, uniq_grum, uniq_psyche
D:11:     layout_basic, minmay_lair_entry_grove, feat_on_display
D:12:     layout_layer_cave, minmay_between
D:13:     layout_basic, serial_bayou_ford_a, hangedman_pestilent_swarm
D:14:     layout_loops_cross, grunt_vaults_entry_tiered, serial_shops, shop,
          minmay_misc_feat_tiny, gauntlet_entry_generic, uniq_kirke
Temple:   pf_slime_end_temple

Skill      XL: |  1  2  3  4  5  6  7  8  9 10 11 12 13 |
---------------+----------------------------------------+-----
Shields        | 4 5 6 8 9 |  9.7
Fighting       | 4 5 6 7 8 10 11 13 14 | 14.2
Staves         | 3 4 5 6 7 9 10 11 13 | 13.0
Armour         | 6 8 10 12 | 12.2
Dodging        | 2 |  2.8

Action                   |  1- 3 |  4- 6 |  7- 9 | 10-12 | 13-15 || total
-------------------------+-------+-------+-------+-------+-------++-------
Melee: Quarterstaff      |    64 |   209 |   395 |   125 |       ||   793
       Lajatang          |       |       |       |   573 |   346 ||   919
Invok: Potion Petition   |       |       |       |     2 |       ||     2
 Abil: Dig               |       |     2 |     2 |     5 |     1 ||    10
Evoke: Wand              |       |     6 |     5 |     5 |     1 ||    17
  Use: Scroll            |       |       |       |    12 |     7 ||    19
       Potion            |       |       |       |     1 |     4 ||     5
 Stab: Distracted        |       |       |       |     4 |     1 ||     5
       Invisible         |       |       |       |       |     2 ||     2
  Eat: Chunk             |       |     3 |       |       |       ||     3
       Ration            |       |     1 |     4 |     6 |     4 ||    15
Armor: Scale mail        |    24 |    83 |   116 |   181 |    77 ||   481
Dodge: Dodged            |    22 |    56 |    83 |   154 |    64 ||   379
       Deflected         |       |       |       |    14 |     6 ||    20
Block: Shield            |    29 |    93 |   208 |   308 |   141 ||   779
       Reflection        |       |       |       |       |     1 ||     1
       Other             |       |       |       |       |     1 ||     1
